 Dungeon Crawl Stone Soup version 0.28.0-43-g3370ac3207 (webtiles) character file.

Game seed: 15497654086804384727

15 croobank the Scratcher (level 2, -1/12 HPs)
             Began as a Felid Transmuter on Mar 4, 2022.
             Slain by a kobold
             ... wielding a +0 short sword
              (2 damage)
             ... on level 1 of the Dungeon.
             The game lasted 00:01:24 (769 turns).

croobank the Scratcher (Felid Transmuter)            Turns: 769, Time: 00:01:24

Health: -1/12      AC:  1    Str:  6    XL:     2   Next: 34%
Magic:  5/6        EV: 17    Int: 14    God:
Gold:   0          SH:  0    Dex: 16    Spells: 4/5 levels left
                                        Lives:  0   Deaths: 0

rFire   . . .      SeeInvis +     - Unarmed
rCold   . . .      Faith    .   (shield unavailable)
rNeg    . . .      Spirit   .   (armour unavailable)
rPois   .          Reflect  .   (helmet unavailable)
rElec   .          Harm     .   (cloak unavailable)
rCorr   .          Rampage  .   (gloves unavailable)
Will    .....                   (boots unavailable)
Stlth   +.........              (no amulet)
HPRegen 0.04/turn               (no ring)
MPRegen 0.10/turn               (no ring)

@: appendages (expiring), quick
A: horns 2, very small, claws 1, fangs 3, see invisible, speed 1, shaggy fur 1,
stealthy paws, no weapons or thrown items, no armour, multi-lived
a: End Transformation


You were on level 1 of the Dungeon.
You had temporarily grown beastly horns.
You visited 1 branch of the dungeon, and saw 1 of its levels.

Inventory:

Scrolls
 a - 2 scrolls of identify {unknown}


   Skills:
 + Level 1.3 Fighting
 + Level 3.0 Dodging
 + Level 3.1 Unarmed Combat
 + Level 2.1 Spellcasting
 + Level 2.4 Transmutations


You had 4 spell levels left.
You knew the following spells:

 Your Spells              Type           Power      Damage    Failure   Level
a - Beastly Appendage     Tmut           16%        N/A       9%          1

Your spell library contained the following spells:

 Spells                   Type           Power      Damage    Failure   Level
 Wereblood                Tmut           8%         N/A       13%         2
 Spider Form              Tmut/Pois      4%         N/A       38%         3
 Ice Form                 Ice/Tmut       4%         N/A       80%         4


Dungeon Overview and Level Annotations

Branches:
Dungeon (1/15)

Altars:


Innate Abilities, Weirdness & Mutations

You have temporarily grown beastly horns.
You have sharp claws.
You have razor-sharp teeth.
You have supernaturally acute eyesight. (SInv)
You cover ground quickly. (Speed+)
You are covered in fur. (AC +1)
Your paws help you pounce on unaware monsters.
You are incapable of wielding weapons or throwing items.
You cannot wear armour.
You gain extra lives every three experience levels.


Message History

You scratch the quokka. Your claw misses the quokka.
The quokka is heavily wounded.
The quokka misses you. The quokka barely misses you.
You scratch the quokka but do no damage.
Your bite misses the quokka.
The quokka is heavily wounded.
Your horns disappear.
The quokka barely misses you.
You miss the quokka.
The quokka is heavily wounded.
The quokka bites you.
* * * LOW HITPOINT WARNING * * *
A bat comes into view.
You scratch the bat.
The bat is moderately wounded.
The bat hits you but does no damage. The quokka barely misses you.
Casting: Beastly Appendage (safe; 9% risk of failure)
Confirm with . or Enter, or press ? or * to list all spells.
You grow a pair of large bovine horns.
The bat closely misses you. The bat hits you but does no damage.
The quokka barely misses you. The bat closely misses you. The bat hits you.
* * * LOW HITPOINT WARNING * * *
As you open the door, it creaks loudly!
You hear a shout!
The bat completely misses you. The bat closely misses you.
The quokka barely misses you. The bat completely misses you.
There is an open door here.
You scratch the bat.
You kill the bat!
You closely miss the quokka. Your headbutt misses the quokka.
The quokka is heavily wounded.
The quokka barely misses you.
You barely miss the quokka. You headbutt the quokka.
You kill the quokka!
Your transformation is almost over.
You aren't carrying any potions.
Okay, then.
The kobold hits you with a +0 short sword.
You die...

#### ..# ...... . ... ......
###### #. #.########......
.....# #..####.##............
#....# .....#.##..........
#...>####+##...K@........
#....##........##......######
###'###........#.............
#.#.# #........#...........##
+.#.# #........#......#....#
#.#.###........#.####†#....#
..#............######.#....#
##########.##.........:...##
..........................#


You could see a kobold.

Vanquished Creatures
  A dart slug (D:1)
  2 endoplasms (D:1)
  2 giant cockroaches (D:1)
  A quokka (D:1)
  3 ball pythons (D:1)
  A bat (D:1)
  3 frilled lizards (D:1)
13 creatures vanquished.

Notes
Turn   | Place    | Note
-------+----------+-------------------------------------------
     0 | D:1      | croobank the Felid Transmuter began the quest for the Orb.
     0 | D:1      | Reached XP level 1. HP: 9/9 MP: 4/4
   720 | D:1      | Reached XP level 2. HP: 12/12 MP: 4/6
   769 | D:1      | Slain by a kobold

Illustrated notes

Levels and vault maps discovered:
D:1:      nzn_arrival_settlement, layout_basic, serial_shops, shop_fountains,
          shapermc_ecumenical_altar_starsandcircs

Skill      XL: |  1  2 |
---------------+-------+-----
Dodging        | 3 |  3.0
Fighting       | |  1.3
Unarmed Combat | |  3.1
Spellcasting   | |  2.1
Transmutations | |  2.4

Action                   || total
-------------------------++-------
Melee: Unarmed           ||    43
       Headbutt          ||     7
       Bite              ||     4
 Cast: Beastly Appendage ||     7
Armor: Skin              ||     6
Dodge: Dodged            ||    47
